 Dungeon Crawl Stone Soup version 0.31-a0-221-gbddc013574 (webtiles) character file.

Game seed: 7771573200408977516

32 Jeffwins the Firebug (level 3, -10/22 HPs)
             Began as an Octopode Wanderer on July 4, 2023.
             Killed by an exploding bat (22 damage)
             ... ignited by their inner flame
             ... on level 2 of the Dungeon.
             The game lasted 00:01:56 (1270 turns).

Jeffwins the Firebug (Octopode Wanderer)            Turns: 1270, Time: 00:01:57

Health: -10/22     AC:  1    Str: 10    XL:     3   Next: 27%
Magic:  0/6        EV: 12    Int: 18    God:
Gold:   50         SH:  0    Dex: 10    Spells: 5/6 levels left

rFire   . . .        j - +2 dagger (speed)
rCold   . . .        (no shield)
rNeg    . . .        (helmet restricted)
rPois   .            (no amulet)
rElec   .            (no ring)
rCorr   .            (no ring)
SInv    .            (no ring)
Will    .....        (no ring)
Stlth   +++          (no ring)
HPRegen 0.23/turn    (no ring)
MPRegen 0.10/turn    (no ring)
                     (no ring)

%: no passive effects
@: no status effects
A: almost no armour, amphibious, 8 rings, camouflage 1, gelatinous body 1,
(nimble swimmer 1), tentacles
a: no special abilities


You were on level 2 of the Dungeon.
You visited 1 branch of the dungeon, and saw 2 of its levels.

You collected 50 gold pieces.


Innate Abilities, Weirdness & Mutations

You cannot wear most types of armour.
You are amphibious.
You can wear up to eight rings at the same time.
Your skin changes colour to match your surroundings (Stealth+).
Your rubbery body absorbs attacks. (AC +1, EV +1)
((You are camouflaged when in or above water. (Stealth+)))
You have tentacles for arms and can constrict up to eight enemies at once.


   Skills:
 + Level 0.5 Fighting
 - Level 1.0 Throwing
 + Level 0.4 Dodging
 + Level 2.0 Stealth
 * Level 2.2 Spellcasting
 * Level 1.0 Conjurations
 * Level 2.3 Fire Magic
 - Level 2.0 Ice Magic
 - Level 1.0 Invocations
 + Level 1.4 Evocations


You had 5 spell levels left.
You knew the following spells:

 Your Spells              Type           Power      Damage    Failure   Level
z - Foxfire               Conj/Fire      32%        2x1d5     9%          1

Your spell library contained the following spells:

 Spells                   Type           Power      Damage    Failure   Level
 Freeze                   Ice            36%        1d5       8%          1
 Frozen Ramparts          Ice            18%        1d3       24%         3
 Volatile Blastmotes      Fire/Tloc      12%        2d11      32%         3
 Summon Ice Beast         Ice/Summ       5%         N/A       75%         4

Inventory:

Hand Weapons
 a - a +0 club
 i - a +0 long sword
 j - a +2 dagger of speed (weapon)
Wands
 c - a wand of polymorph (3) (quivered)
Scrolls
 g - a scroll of fog
Potions
 e - a potion of attraction {unknown}
 f - a potion of haste {unknown}
 h - a potion of mutation {unknown}
 k - 2 potions of degeneration {unknown}
 l - a potion of curing {unknown}
 n - a potion of invisibility {unknown}
 o - 2 potions of heal wounds {unknown}

Dungeon Overview and Level Annotations

Branches:
Dungeon (2/15)

Altars:

Annotations:
D:2 Sigmund

##......#...# .
..####...........##########.
............................
.....†g........#.##...####..
S....?[..##...........# #..
J.....S{S#.......†....####..
.........§§§.#..............
...#.....§§v§###.###..###..#
..#8#....##@v# #.# #........
# #.##.####v.# #.. ##.###..#
. .. ...# . #.# #..# .....
..# #... ###..## #.###.##
#.## #....... #.# #
##...#.## #.# #.##......#
#.# ##.#.......##


You could see 2 adders and a hobgoblin (inner flame).


Message History

As you read the scroll labelled CIZOSCHIDUX, it crumbles to dust.
It is a scroll of identify.
g - a scroll of fog The foxfire hits something.
The foxfire hits something but does no damage.
A puff of flame appears from out of thin air!
The puff of flame hits you!
As you read the scroll labelled NUOBRUAGURE, it crumbles to dust.
The creatures around you are filled with an inner flame!
It was a scroll of immolation.
An endoplasm comes into view.
The adder bites you.
* * * LOW HITPOINT WARNING * * *
Unknown command.
Blink to where?
Press: ? - help, Dir - move target
As you read the scroll of blinking, it crumbles to dust.
Casting: Foxfire (safe; 9% risk of failure)
Confirm with . or Enter, or press ? or * to list all spells.
You conjure some foxfire!
The bat barely misses you.
Your magical contamination has completely faded away.
Unknown command.
Casting: Foxfire (safe; 9% risk of failure)
Confirm with . or Enter, or press ? or * to list all spells.
You conjure some foxfire!
The foxfire hits the bat.
The bat explodes!
The fiery explosion engulfs your foxfire.
The fiery explosion engulfs you!!
Ouch! That really hurt!
You die...

Skill      XL: |  1  2  3 |
---------------+----------+-----
Stealth        | 2 |  2.0
Conjurations   | 1 |  1.0
Fighting       | |  0.5
Throwing       | |  1.0
Dodging        | |  0.4
Spellcasting   | |  2.2
Fire Magic     | |  2.3
Ice Magic      | |  2.0
Invocations    | |  1.0
Evocations     | |  1.4

Action                     || total
---------------------------++-------
  Melee: Club              ||     9
         Constrict         ||     8
         Tentacles         ||     7
         Dagger            ||    14
         Long sword        ||     2
   Cast: Foxfire           ||    26
    Use: Scroll            ||     3
   Stab: Sleeping          ||     4
 Armour: Skin              ||     1
  Dodge: Dodged            ||    19

Levels and vault maps discovered:
D:1:      dpeg_arrival_three_same_balls, layout_loops_ring, serial_glass,
          glass_columns_a, glass_columns_b, glass_columns_b, glass_columns_a,
          glass_columns_a, glass_columns_a, serial_bayou_crossing
D:2:      layout_loops_ring, kennysheep_decorative_pillar, uniq_sigmund

Notes
Turn   | Place    | Note
-------+----------+-------------------------------------------
     0 | D:1      | Jeffwins the Octopode Wanderer began the quest for the Orb.
     0 | D:1      | Jeffwins set off with the following items: a +0 club, a
                  | scroll of blinking, a wand of polymorph (3); and the
                  | following spells available to memorise: Freeze, Foxfire,
                  | Frozen Ramparts, Volatile Blastmotes, Summon Ice Beast.
     0 | D:1      | Reached XP level 1. HP: 11/11 MP: 3/3
     2 | D:1      | Learned a level 1 spell: Foxfire
   450 | D:1      | Reached XP level 2. HP: 17/17 MP: 5/5
   884 | D:2      | Reached XP level 3. HP: 22/22 MP: 3/6
  1102 | D:2      | Reached skill level 2 in Stealth
  1261 | D:2      | Noticed Sigmund
  1266 | D:2      | Reached skill level 1 in Conjurations
  1270 | D:2      | Killed by an exploding bat... ignited by their inner flame

Vanquished Creatures
  An adder (D:2)
  4 ball pythons
  An endoplasm (D:2)
  A giant cockroach (D:2)
  6 hobgoblins
  A kobold (D:2)
  2 quokkas
  A bat (D:2)
  2 frilled lizards
  4 rats
23 creatures vanquished.

Vanquished Creatures (others)
  44 foxfires
44 creatures vanquished.

Grand Total: 67 creatures vanquished

Table legend: (Time is in decaauts)
 A = Elapsed time spent in this place.
 B = Non-inter-level travel time spent in this place.
 C = Inter-level travel time spent in this place.
 D = Time resting spent in this place.
 E = Time spent auto-exploring this place.
 F = Levels seen in this place.
 G = Mean time per level.
                   A        B        C        D        E       F      G
               +--------+--------+--------+--------+--------+-----+--------+
         Total |   1267 |   1228 |     39 |      0 |   1072 |   2 |  633.5 |
       Dungeon |   1267 |   1228 |     39 |      0 |   1072 |   2 |  633.5 |
               +--------+--------+--------+--------+--------+-----+--------+

Top non-repeatable levels by time:
     D:1: 838 daAuts
     D:2: 429 daAuts

Table legend:
 A = Non-vault XP
 B = Vault XP
 C = Vault XP percentage of total XP
 D = Non-vault monster count
 E = Vault monster count
 F = Vault count percentage of total count
                 A         B        C        D         E       F
            +---------+---------+-------+---------+---------+-------
      Total |      48 |       0 |   0.0 |      23 |       0 |   0.0
            +---------+---------+-------+---------+---------+-------
        D:1 |      12 |       0 |   0.0 |       8 |       0 |   0.0
        D:2 |      36 |       0 |   0.0 |      15 |       0 |   0.0
            +---------+---------+-------+---------+---------+-------
